 Dungeon Crawl Stone Soup version 0.29.1-15-g9cfb28693d (webtiles) character file.

Game seed: 17501974182441753199

144 ArizonaTea the Trooper (level 5, -3/48 HPs)
             Began as a Minotaur Berserker on Apr 7, 2023.
             Was an Initiate of Gozag.
             Slain by a black bear (8 damage)
             ... created by the rage of Trog
             ... on level 3 of the Dungeon.
             The game lasted 00:12:20 (1809 turns).

ArizonaTea the Trooper (Minotaur Berserker)         Turns: 1809, Time: 00:12:21

Health: -3/48      AC:  5    Str: 21    XL:     5   Next: 5%
Magic:  4/4        EV: 12    Int:  6    God:    Gozag
Gold:   317        SH:  0    Dex: 10    Spells: 4/4 levels left

rFire   . . .      SeeInvis .   C - +2 dagger (drain)
rCold   . . .      Faith    .   p - orb {*Rage}
rNeg    + . .      Spirit   .   b - +0 animal skin
rPois   .          Reflect  .   (helmet restricted)
rElec   .          Harm     .   (no cloak)
rCorr   .          Rampage  .   c - +2 pair of gloves
Will    .....      Rage     20% (no boots)
Stlth   +.........              (no amulet)
HPRegen 0.16/turn               o - ring of positive energy
MPRegen 0.09/turn               (no ring)

@: slowed, very slow
A: horns 2, retaliatory headbutt
a: Renounce Religion, Potion Petition, Call Merchant, Bribe Branch


You were on level 3 of the Dungeon.
You worshipped Gozag.
Gozag was aware of your devotion.
You visited 1 branch of the dungeon, and saw 3 of its levels.

You collected 317 gold pieces.

Inventory:

Hand Weapons
 a - a +0 falchion
 e - a +0 club
 h - a +0 dagger
 j - a +4 hand axe
 k - a +0 falchion
 l - a +0 club
 n - a +0 club
 q - a +0 short sword
 s - a +0 short sword
 v - a +0 dagger
 w - a +0 hand axe
 x - a +0 short sword
 z - a +0 dagger
 A - a +0 war axe
 C - a +2 dagger of draining (weapon)
 E - a +0 short sword
 G - a +0 hand axe
 H - a +0 whip
 I - a +0 dagger
 J - a +0 hand axe
 P - a +0 club
Missiles
 f - 16 poisoned darts
 g - 30 stones
 t - 4 boomerangs
Armour
 b - a +0 animal skin (worn)
 c - a +2 pair of gloves (worn)
 d - a +0 pair of gloves
 p - an orb of wrath (worn)
 u - a +0 chain mail
 y - a +0 robe
 B - a +0 leather armour
 D - a +0 robe
 K - a +0 scale mail
 L - a +0 ring mail
 Q - a +0 leather armour
Jewellery
 o - a ring of positive energy (left hand)
Wands
 i - a wand of iceblast (5) (quivered)
 O - a wand of digging (4)
Scrolls
 m - a scroll of teleportation
 r - a scroll of identify {unknown}
 M - a scroll of magic mapping {unknown}
Potions
 F - a potion of magic {unknown}
 N - a potion of haste {unknown}


   Skills:
 + Level 5.0 Fighting
 + Level 0.1(2.6) Short Blades
 + Level 4.9 Long Blades
 + Level 2.5 Axes
 + Level 2.6 Armour
 + Level 2.6 Dodging


You had 4 spell levels left.
You didn't know any spells.
Your spell library was empty.

Dungeon Overview and Level Annotations

Branches:
Dungeon (3/15)

Altars:
Gozag


Innate Abilities, Weirdness & Mutations

You have a pair of horns on your head.
You reflexively headbutt those who attack you in melee.


Message History

Ijyb hits you but does no damage. Ijyb barely misses you.
You hit Ijyb. Your headbutt misses Ijyb.
Ijyb is heavily wounded.
Ijyb misses you. You furiously retaliate!
You headbutt Ijyb! You hit Ijyb but do no damage. You headbutt Ijyb.
You kill Ijyb!
Your Fighting skill increases to level 5!
You have reached level 5!
You completely miss the rat. Your headbutt misses the rat. The rat bites you.
The rat barely misses you. You furiously retaliate!
You headbutt the rat!
You kill the rat!
You now have 317 gold pieces (gained 10).
O - a wand of digging (4)
Things that are here:
a +0 club; a +0 leather armour
P - a +0 club;
Q - a +0 leather armour Key pressed, stopping travel.
Trog sends monsters to punish you.
A polar bear and 4 black bears come into view.
Unknown command.
You barely miss the black bear. You headbutt the black bear.
The black bear is lightly wounded.
You hit the black bear.
The black bear is lightly wounded.
The black bear bites you! The black bear misses you.
The black bear completely misses you.
The black bear rages.
The polar bear barely misses you.
The polar bear claws you but does no damage.
The polar bear barely misses you. The black bear closely misses you.
The black bear barely misses you. The black bear claws you.
The polar bear bites you!
* * * LOW HITPOINT WARNING * * *
The polar bear claws you.
* * * LOW HITPOINT WARNING * * *
The polar bear completely misses you.
The black bear rages.
The black bear bites you!
You die...
Your body crumbles into a pile of gold.

#.# #.#####.# #.# #.# #.
####.#####.# #.##### #.
#..........# ......# #.
#.##.####### .#.##.######
#. #.##.# ###........##
##.# #.##.# .#.##........
h###.#...#
#.###.####.#####h#.#.####
#.###.####....hh@h...#
............##.#######
#####.#######.## ......#
##.## ####### ##.## ##.##
##.## #.## ###


You could see a polar bear (berserk) and 4 black bears.

Vanquished Creatures
  Ijyb (D:3)
  An orc wizard (D:3)
  4 adders
  A worm (D:2)
  2 dart slugs
  9 orcs (D:3)
  2 ball pythons
  A bat (D:1)
  4 endoplasms
  2 goblins
  4 hobgoblins
  A quokka (D:2)
  A frilled lizard (D:3)
  4 kobolds
  6 rats
43 creatures vanquished.

Notes
Turn   | Place    | Note
-------+----------+-------------------------------------------
     0 | D:1      | ArizonaTea the Minotaur Berserker began the quest for the
                  | Orb.
     0 | D:1      | Reached XP level 1. HP: 19/19 MP: 0/0
   187 | D:1      | Found a faded altar of an unknown god.
   199 | D:1      | Reached skill level 4 in Fighting
   199 | D:1      | Reached XP level 2. HP: 22/27 MP: 1/1
   252 | D:1      | Prayed at the altar of an unknown god.
   252 | D:1      | Fell from the grace of Trog
   252 | D:1      | Became a worshipper of Gozag Ym Sagoz the Greedy
   661 | D:2      | Reached XP level 3. HP: 21/33 MP: 2/2
  1273 | D:3      | Reached skill level 1 in Axes
  1284 | D:3      | Reached XP level 4. HP: 14/39 MP: 3/3
  1772 | D:3      | Noticed Ijyb
  1784 | D:3      | Killed Ijyb
  1785 | D:3      | Reached skill level 5 in Fighting
  1785 | D:3      | Reached XP level 5. HP: 25/48 MP: 4/4
  1808 | D:3      | Noticed a black bear
  1808 | D:3      | Noticed a polar bear
  1808 | D:3      | Noticed a black bear
  1808 | D:3      | Noticed a black bear
  1808 | D:3      | Noticed a black bear
  1809 | D:3      | Slain by a black bear

Illustrated notes

Levels and vault maps discovered:
D:1:      lightli_arrival_statuegarden, layout_loops_cross,
          ebering_ecumenical_altar_hall
D:2:      layout_basic
D:3:      layout_loops_ring, minmay_misc_feat_cross, chequers_avenue, uniq_ijyb

Skill      XL: |  1  2  3  4 |
---------------+-------------+-----
Fighting       | 4 5 |  5.0
Long Blades    | 4 |  4.9
Axes           | 1 2 |  2.5
Short Blades   | |  0.1
Armour         | |  2.6
Dodging        | |  2.6

Action                   |  1- 3 |  4- 6 || total
-------------------------+-------+-------++-------
Melee: Falchion          |    27 |       ||    27
       Headbutt          |     5 |     5 ||    10
       Hand axe          |    43 |       ||    43
       Dagger            |       |    29 ||    29
Throw: Dart              |     1 |       ||     1
  Use: Potion            |     1 |       ||     1
       Scroll            |       |     1 ||     1
Armor: Animal skin       |    36 |     5 ||    41
Dodge: Dodged            |    59 |    27 ||    86
